 Dungeon Crawl Stone Soup version 0.31-a0-486-g8d68a81214 (webtiles) character file.

Game seed: 661960555585932704

4 ytrimaz the Ruffian (level 1, -1/15 HPs)
             Began as a Demonspawn Shapeshifter on Aug 7, 2023.
             Slain by a jackal (3 damage)
             ... on level 1 of the Dungeon.
             The game lasted 00:00:14 (254 turns).

ytrimaz the Ruffian (Demonspawn Shapeshifter)        Turns: 254, Time: 00:00:14

Health: -1/15      AC:  2    Str: 15    XL:     1   Next: 50%
Magic:  1/1        EV: 12    Int:  9    God:
Gold:   0          SH:  0    Dex: 13    Spells: 0/0 levels left

rFire   . .          .
                       - Unarmed
rCold   . . .        (no shield)
rNeg    . . .        a - +0 animal skin
rPois   .            (helmet currently unavailable)
rElec   .            (cloak currently unavailable)
rCorr   .            (gloves currently unavailable)
SInv    .            (boots currently unavailable)
Will    .....        (no amulet)
Stlth   +            (no ring)
HPRegen 0.22/turn    (no ring)
MPRegen 0.07/turn

%: no passive effects
@: beast-form
A: beast (slay +1)
a: Begin Untransformation


You were on level 1 of the Dungeon.
You were a hulking beast.
You visited 1 branch of the dungeon, and saw 1 of its levels.


   Skills:
 - Level 1.0 Fighting
 - Level 1.7 Dodging
 + Level 2.8 Unarmed Combat
 + Level 2.8 Shapeshifting


You couldn't memorise any spells.
You didn't know any spells.
Your spell library contained the following spells:

 Spells                   Type           Power      Damage    Failure   Level
 Dazzling Flash           Conj/Hex       0%         N/A       77%         3
 Agony                    Necr           0%         N/A       100%        5
 Silence                  Hex/Air        0%         N/A       100%        5

Inventory:

Armour
 a - a +0 animal skin (worn)
Talismans
 c - a beast talisman (active)
Scrolls
 e - a scroll of silence {unknown}
 g - a scroll of fog {unknown}
Potions
 b - a potion of lignification
 d - a potion of might {unknown}
 f - a potion of enlightenment {unknown}
 h - a potion of curing {unknown}

Dungeon Overview and Level Annotations

Branches:
Dungeon (1/15) Zot: 5746

Altars:

... #..
#.. #..
#..####
+.....#
#.#.#.#
# #h#.#
. #h#h#
. #.#.#
#+#
#....
#.#
###.#
#.# .#
#.### #
#[#..
..#.#
###.#


You could see a jackal.


Message History

Unknown command.
You hit the ball python.
You kill the ball python! 😨 HP[+1] Unknown command.
You see here a hobgoblin corpse.
f - a blue potion 😎 HP[+10]
Your hp is fully restored (15).
You open the door.
There is an open door here.
You pick up a book of the Senses and begin reading...
You add the spells Dazzling Flash, Agony and Silence to your library.
g - a scroll labelled RUMACI LUBYFI You open the door.
There is an open door here.
Key pressed, stopping explore.
A rat comes into view.
A rat is nearby!
A rat is nearby!
A rat is nearby!
A rat is nearby!
A rat is nearby!
A rat is nearby!
You barely miss the rat. The rat bites you but does no damage.
Unknown command.
You hit the rat. The rat misses you.
You hit the rat.
You kill the rat!
No target in view!
Unknown command.
No target in view!
h - a grey potion You see here 5 stones.
There is an open door here.
Key pressed, stopping explore.
A sourceless malevolence fills the Dungeon... and a teleportation trap spontaneously manifests!
You are yanked towards a nearby monster!
Your surroundings suddenly seem different.
A jackal comes into view.
The jackal barks!
You hear a bark!
The jackal moves out of view.
You hear a bark!
A jackal comes into view.
A jackal is nearby!
A jackal is nearby!
A jackal comes into view.
The jackal barks!
You hit the jackal. The jackal barely misses you.
Unknown command.
You hit the jackal. The jackal barely misses you. x3
You closely miss the jackal.
The jackal bites you but does no damage.
The jackal barely misses you.
You hit the jackal.
The jackal bites you. x2; The jackal closely misses you. x2 😕 HP[-3]
You take 3 damage, and now have 12/15 hp.
You closely miss the jackal. The jackal bites you.
The jackal misses you. 😮 HP[-2]
You take 2 damage, and now have 10/15 hp.
Unknown command.
You hit the jackal. The jackal bites you. x2
* * * LOW HITPOINT WARNING * * *
😨 HP[-3]
You take 3 damage, and now have 7/15 hp.
You are too injured to fight recklessly!
You closely miss the jackal. The jackal bites you.
* * * LOW HITPOINT WARNING * * *
The jackal closely misses you. The jackal barely misses you.
Unknown command. 😨 HP[-1]
You take 1 damage, and now have 6/15 hp.
You hit the jackal. The jackal misses you. The jackal completely misses you.
The jackal barely misses you. 😨 HP[+1]
You closely miss the jackal. The jackal barely misses you.
The jackal closely misses you.
Unknown command.
You hit the jackal.
You kill the jackal!
The jackal closely misses you. The jackal bites you.
* * * LOW HITPOINT WARNING * * *
The jackal bites you.
* * * LOW HITPOINT WARNING * * *
😱 HP[-4]
You take 4 damage, and now have 3/15 hp.
MASSIVE DAMAGE!! (PAUSE) 😨 HP[+1]
The jackal barely misses you.
You barely miss the jackal. The jackal bites you.
* * * LOW HITPOINT WARNING * * *
😱 HP[-2]
You take 2 damage, and now have 2/15 hp.
You barely miss the jackal. The jackal closely misses you.
Unknown command.
You hit the jackal.
You kill the jackal!
The jackal bites you.
You die...

Action                     || total
---------------------------++-------
  Melee: Unarmed           ||    25
 Armour: Animal skin       ||     7
  Dodge: Dodged            ||    30

Levels and vault maps discovered:
D:1:      psy_arrival_dodecagon, layout_basic

Notes
Turn   | Place    | Note
-------+----------+-------------------------------------------
     0 | D:1      | ytrimaz the Demonspawn Shapeshifter began the quest for the
                  | Orb.
     0 | D:1      | Reached XP level 1. HP: 15/15 MP: 1/1
     0 | D:1      | magus.rc [v1.9.6]
   112 | D:1      | You pick up a book of the Senses and begin reading...
   112 | D:1      | You add the spells Dazzling Flash, Agony and Silence to
                  | your library.
   249 | D:1      | HP: 3/15 [jackal (2)]
   254 | D:1      | Slain by a jackal

Vanquished Creatures
  A hobgoblin (D:1)
  2 jackals (D:1)
  A ball python (D:1)
  A rat (D:1)
5 creatures vanquished.

Table legend:
 A = Non-vault XP
 B = Vault XP
 C = Vault XP percentage of total XP
 D = Non-vault monster count
 E = Vault monster count
 F = Vault count percentage of total count
                 A         B        C        D         E       F
            +---------+---------+-------+---------+---------+-------
      Total |       8 |       0 |   0.0 |       5 |       0 |   0.0
            +---------+---------+-------+---------+---------+-------
        D:1 |       8 |       0 |   0.0 |       5 |       0 |   0.0
            +---------+---------+-------+---------+---------+-------

Action                     || total
---------------------------++-------
  Melee: Unarmed           ||    25
 Armour: Animal skin       ||     7
  Dodge: Dodged            ||    30

Illustrated notes

Table legend:
 A = Kills in this place as a percentage of kills in the entire game.
 B = Kills by you in this place as a percentage of kills by you in the entire game.
 C = Kills by friends in this place as a percentage of kills by friends in the entire game.
 D = Other kills in this place as a percentage of other kills in the entire game.
 E = Experience gained in this place as a percentage of experience gained in the entire game.
 F = Experience gained in this place divided by the number of levels of this place that you have seen.
                   A       B       C       D       E      F
               +-------+-------+-------+-------+-------+----------------------
         Total | 100.0 | 100.0 |   N/A |   N/A | 100.0 |   8.0
       Dungeon | 100.0 | 100.0 |   N/A |   N/A | 100.0 |   8.0
               +-------+-------+-------+-------+-------+----------------------

Table legend: (Time is in decaauts)
 A = Elapsed time spent in this place.
 B = Non-inter-level travel time spent in this place.
 C = Inter-level travel time spent in this place.
 D = Time resting spent in this place.
 E = Time spent auto-exploring this place.
 F = Levels seen in this place.
 G = Mean time per level.
                   A        B        C        D        E       F      G
               +--------+--------+--------+--------+--------+-----+--------+
         Total |    253 |    253 |      0 |      0 |    204 |   1 |  253.0 |
       Dungeon |    253 |    253 |      0 |      0 |    204 |   1 |  253.0 |
               +--------+--------+--------+--------+--------+-----+--------+

Top non-repeatable levels by time:
     D:1: 253 daAuts
